 Dungeon Crawl Stone Soup version 0.29-a0-1047-g7c58e119a4 (webtiles) character file.

Game seed: 6127624397160383712

58 IdlyInterested the Digger (level 3, 0/27 HPs)
             Began as a Demonspawn Wanderer on Aug 16, 2022.
             Slain by a worm (8 damage)
             ... on level 2 of the Dungeon.
             The game lasted 00:06:23 (2597 turns).

IdlyInterested the Digger (Demonspawn Wanderer)     Turns: 2597, Time: 00:06:24

Health: 0/27       AC:  2    Str:  9    XL:     3   Next: 76%
Magic:  4/4        EV: 11    Int: 14    God:
Gold:   108        SH:  0    Dex: 16    Spells: 2/4 levels left

rFire   . . .      SeeInvis .   a - +0 dagger
rCold   . . .      Faith    .   (no shield)
rNeg    . . .      Spirit   .   c - +0 robe
rPois   .          Reflect  .   (no helmet)
rElec   .          Harm     .   (no cloak)
rCorr   .          Rampage  .   (no gloves)
Will    .....                   (no boots)
Stlth   +.........              d - amulet of regeneration
HPRegen 0.89/turn               (no ring)
MPRegen 0.09/turn               (no ring)

@: no status effects
A: claws 1
a: no special abilities


You were on level 2 of the Dungeon.
You visited 1 branch of the dungeon, and saw 2 of its levels.

You collected 108 gold pieces.

Inventory:

Hand Weapons
 a - a +0 dagger (weapon)
Armour
 c - a +0 robe (worn)
Jewellery
 d - an amulet of regeneration (around neck)
Scrolls
 e - a scroll of immolation {unknown}
 f - 2 scrolls of enchant armour {unknown}
Potions
 b - a potion of invisibility
 i - a potion of might


   Skills:
 - Level 2.0 Fighting
 + Level 1.1 Short Blades
 - Level 1.0 Throwing
 - Level 2.0 Armour
 + Level 0.0 Stealth
 * Level 1.1 Unarmed Combat
 - Level 1.0 Spellcasting
 - Level 3.6 Earth Magic
 - Level 2.0 Poison Magic
 - Level 1.0 Evocations


You had 2 spell levels left.
You knew the following spells:

 Your Spells              Type           Power      Damage    Failure   Level
a - Passwall              Tmut/Erth      4%         N/A       19%         2

Your spell library contained the following spells:

 Spells                   Type           Power      Damage    Failure   Level
 Sandblast                Erth           20%        2d7       6%          1
 Sting                    Tmut/Pois      12%        1d3       17%         1
 Ensorcelled Hibernation  Hex/Ice        0%         N/A       36%         2
 Stone Arrow              Conj/Erth      10%        3d7       36%         3
 Ignite Poison            Fire/Tmut/Pois 2%         N/A       52%         3
 Swiftness                Air            0%         N/A       61%         3


Dungeon Overview and Level Annotations

Branches:
Dungeon (2/15)

Altars:


Innate Abilities, Weirdness & Mutations

You have sharp fingernails.


Message History

The quokka bites you.
You completely miss the quokka.
The quokka is heavily wounded.
The quokka barely misses you.
You closely miss the quokka.
The quokka is heavily wounded.
The quokka completely misses you.
You hit the quokka but do no damage.
The quokka is heavily wounded.
The quokka misses you.
You hit the quokka.
You kill the quokka!
You start resting.
HP restored.
There is an open door here.
A bat comes into view.
The bat hits you but does no damage.
You hit the bat.
You kill the bat!
A worm comes into view.
Found 12 gold pieces.
You see here a bat corpse.
The worm bites you!
You hit the worm.
The worm is lightly wounded.
You barely miss the worm.
The worm is lightly wounded.
The worm bites you.
You hit the worm.
The worm is moderately wounded.
You completely miss the worm.
The worm is moderately wounded.
The worm bites you!
* * * LOW HITPOINT WARNING * * *
You hit the worm.
The worm is heavily wounded.
You hit the worm.
The worm is heavily wounded.
The worm bites you!
You die...

.############.#
#....##......# .#
#.###....##......####
<#
#....................
## ...
#.###....##......####
.... #.#
#######......#
.....#†#######
#...(..#
..............#
########
.$............#
####......@w..#
#..........#
#..........#
#..........#
#..........#
############


You could see a worm.

Vanquished Creatures
  3 adders (D:2)
  A dart slug (D:2)
  3 endoplasms
  A giant cockroach (D:2)
  4 goblins
  2 hobgoblins (D:1)
  2 kobolds
  2 quokkas
  5 ball pythons
  4 bats
27 creatures vanquished.

Notes
Turn   | Place    | Note
-------+----------+-------------------------------------------
     0 | D:1      | IdlyInterested the Demonspawn Wanderer began the quest for
                  | the Orb.
     0 | D:1      | IdlyInterested set off with the following items: a +0
                  | dagger, a potion of invisibility, a +0 robe, a wand of
                  | flame (4); and the following spells available to memorise:
                  | Sandblast, Sting, Passwall, Stone Arrow, Ignite Poison.
     0 | D:1      | Reached XP level 1. HP: 13/13 MP: 2/2
   434 | D:1      | Reached skill level 1 in Fighting
   531 | D:1      | Gained mutation: You have sharp fingernails. [demonic
                  | ancestry]
   531 | D:1      | Reached XP level 2. HP: 17/21 MP: 3/3
  1413 | D:1      | Found a faded altar of an unknown god.
  1642 | D:2      | Reached skill level 1 in Short Blades
  1642 | D:2      | Reached skill level 1 in Throwing
  1761 | D:2      | Reached XP level 3. HP: 23/27 MP: 4/4
  1931 | D:2      | Learned a level 2 spell: Passwall
  2237 | D:2      | Reached skill level 1 in Unarmed Combat
  2597 | D:2      | Slain by a worm

Illustrated notes

Levels and vault maps discovered:
D:1:      eino_arrival_cavern_a, layout_loops_ring,
          shapermc_ecumenical_altar_hornbeckon
D:2:      layout_basic

Skill      XL: |  1  2  3 |
---------------+----------+-----
Fighting       | 1 2 |  2.0
Short Blades   | 1 |  1.1
Throwing       | 1 |  1.0
Armour         | 2 |  2.0
Unarmed Combat | 1 |  1.1
Spellcasting   | |  1.0
Earth Magic    | |  3.6
Poison Magic   | |  2.0
Evocations     | |  1.0

Action                   || total
-------------------------++-------
Melee: Dagger            ||   154
Evoke: Wand              ||     4
  Use: Scroll            ||     4
       Potion            ||     2
 Stab: Sleeping          ||     3
       Distracted        ||     1
Armor: Robe              ||    26
Dodge: Dodged            ||    98

Table legend: (Time is in decaauts)
 A = Elapsed time spent in this place.
 B = Non-inter-level travel time spent in this place.
 C = Inter-level travel time spent in this place.
 D = Time resting spent in this place.
 E = Time spent auto-exploring this place.
 F = Levels seen in this place.
 G = Mean time per level.
                   A        B        C        D        E       F      G
               +--------+--------+--------+--------+--------+-----+--------+
         Total |   2598 |   2493 |    105 |   1025 |   1116 |   2 | 1299.0 |
       Dungeon |   2598 |   2493 |    105 |   1025 |   1116 |   2 | 1299.0 |
               +--------+--------+--------+--------+--------+-----+--------+

Top non-repeatable levels by time:
     D:1: 1683 daAuts
     D:2: 915 daAuts
